AoeStats
← SAFIRA

Nomad

510212762Analyzed
2v2 RM · 3d ago on Sep 30, 2026· 40m 14s· 4 players
Game mode
Random Map
Map size
176×176
Population
200
Speed
Normal
Resources
Standard
Victory
Conquest
Starting age
Dark Age
Ending age
Imperial Age
RankedLock teamsTeams togetherTeam positionsShared explorationLock speedFull tech treeHidden civsTurbo modeCheats
Victory
Defeat
🇺🇸 Persians · United States
699
+13
🇧🇷 Britons · Brazil
612
+16
🇺🇸 Ethiopians · United States
636
-15
🇺🇸 Vikings · United States
612
-14
SAFIRA
8:42 Loom
16:26 Feudal Age
17:12 Horse Collar
17:34 Fishing Lines
19:12 Wheelbarrow
19:13 Town Watch
20:54 Double-Bit Axe
25:47 Gold Mining
28:56 Castle Age
28:52 Padded Archer Armor
28:42 Fletching
29:09 Arson
30:04 Scale Barding Armor
33:15 Husbandry
33:47 Heavy Plow
33:41 Stone Mining
34:10 Hand Cart
34:17 Caravan
34:33 Bow Saw
35:00 Gold Shaft Mining
37:04 Town Patrol
36:44 Crossbowman
40:23 Leather Archer Armor
40:03 Bodkin Arrow
40:36 Gillnets
Natearthur123
21:13 Feudal Age
27:48 Castle Age
26:35 Gold Mining
27:40 Bloodlines
27:44 Forging
27:40 Scale Barding Armor
28:25 Husbandry
29:04 Iron Casting
29:31 Chain Barding Armor
30:33 Fletching
30:45 Padded Archer Armor
30:13 Elite Skirmisher
38:33 Gold Shaft Mining
Kenshin Brown
13:25 Feudal Age
13:52 Double-Bit Axe
13:59 Horse Collar
21:04 Castle Age
19:54 Fletching
20:05 Padded Archer Armor
23:03 Thumb Ring
30:00 Husbandry
32:57 Bodkin Arrow
33:12 Forging
33:03 Scale Mail Armor
36:47 Crossbowman
EL Loodo
20:59 Loom
23:27 Feudal Age
25:02 Double-Bit Axe
26:20 Fishing Lines
31:18 Castle Age
30:54 Gold Mining
30:57 Stone Mining
31:22 Scale Barding Armor
33:35 Chain Barding Armor
33:46 Gillnets
38:26 Imperial Age
37:53 Chieftains
Connection lost

Rejoining the realm…

Still unreachable

The connection could not be restored.

Session expired

The server has moved on; the page needs a fresh start.